Wolfes vs Influenza
Created - April 28, 2020 at 19:01
Goals
|
Wolfes |
0 |
2 |
0 |
2 |
Influenza |
0 |
2 |
2 |
4 |
|
Shots
|
Wolfes |
7 |
10 |
9 |
26 |
Influenza |
9 |
23 |
9 |
41 |
|
1st period
No Goal
Penalties :
Scott Timmins (RIM) for Roughing (Minor) at 3:07
2nd period
1. Influenza , Zac Dalpe 21 (Dmitry Sinitsyn 20, Ryan Dzingel 20) at 7:24
2. Wolfes , Chris Tierney 31 (Sergei Plotnikov 34, Jamie Oleksiak 30) at 7:54
3. Influenza , Nick Ritchie 18 (Kasperi Kapanen 13) at 16:51
4. Wolfes , Alexandre Grenier 21 (Chris Tierney 45) at 18:31 (PP)
Penalties :
Colton Sissons (VJB) for Slashing (Minor) at 2:52, Colton Sissons (VJB) for Hooking (Minor) at 17:45
3rd period
5. Influenza , Nick Ritchie 19 (Jacob Josefson 14) at 8:28
6. Influenza , Andre Burakovsky 59 (Luca Sbisa 28, Malcolm Subban) at 13:35 (PP)
Penalties :
Martin Hanzal (RIM) for Hooking (Minor) at 2:23, Jacob Lagacé (RIM) for Interference (Minor) at 6:16, Alexandre Grenier (RIM) for Roughing (Minor) at 8:50, Martin Hanzal (RIM) for Interference (Minor) at 13:21, Andre Burakovsky (VJB) for Roughing (Minor) at 14:04, Ryan Dzingel (VJB) for Tripping (Minor) at 19:55
Goalie Stats
Laurent Brossoit (RIM), 37 saves from 41 shots - (0.902), L, 30-23-5, 60:00 minutes
Malcolm Subban (VJB), 24 saves from 26 shots - (0.923), W, 30-27-3, 60:00 minutes
Players Stats for Wolfes
Player Name G A P +/- PIM S H SB GA TA FO MP PP MP PK MP
------------------------------------------------------------------------------------
Alexandre Grenier 1 0 1 0 2 4 0 0 0 0 2/2 16:04 2:13 1:26
Angelo Esposito 0 0 0 0 0 0 0 0 0 0 3/3 4:39 0:10 0:00
Anton Lindholm 0 0 0 -1 0 0 1 0 0 0 0/0 11:17 0:00 0:00
Benn Ferriero 0 0 0 -1 0 0 2 1 0 0 0/0 10:17 0:00 0:00
Blake Pietila 0 0 0 0 0 1 1 0 1 0 1/2 18:25 2:28 0:21
Chris Tierney 1 1 2 0 0 4 0 0 0 0 10/15 18:11 2:13 3:17
Jacob Lagacé 0 0 0 -1 2 0 0 0 0 0 0/0 8:08 0:00 0:00
Jamie Oleksiak 0 1 1 0 0 2 2 1 0 0 0/0 20:43 1:31 3:17
Jeffrey Foss 0 0 0 -1 0 0 4 0 0 1 0/0 27:53 3:17 4:53
Joonas Lyytinen 0 0 0 -1 0 0 0 0 0 0 0/0 11:17 0:00 0:00
Kyle Rau 0 0 0 -1 0 0 3 1 0 0 1/3 6:25 0:00 0:00
Martin Hanzal 0 0 0 -1 4 4 1 0 1 1 16/40 21:42 2:29 3:26
Michael Stone 0 0 0 0 0 0 0 3 0 0 0/0 20:43 1:31 3:17
Nicolas Deschamps 0 0 0 0 0 0 0 0 0 0 0/0 0:52 0:06 0:00
Scott Timmins 0 0 0 0 2 2 0 0 2 0 2/4 8:24 0:00 0:23
Sergei Plotnikov 0 1 1 0 0 2 0 0 1 0 0/0 15:33 2:13 1:05
Thomas Spelling 0 0 0 0 0 0 0 0 0 0 0/0 8:16 0:03 0:00
Victor Olofsson 0 0 0 -1 0 0 1 0 0 0 1/1 2:39 0:00 1:53
Vladimir Zharkov 0 0 0 0 0 1 1 0 1 0 0/2 22:07 2:29 4:29
Wes O'Neill 0 0 0 -1 0 1 1 4 2 0 0/0 27:53 3:17 4:53
Zachary Sanford 0 0 0 -1 0 5 1 0 0 0 0/0 10:17 0:00 0:00
Players Stats for Influenza
Player Name G A P +/- PIM S H SB GA TA FO MP PP MP PK MP
------------------------------------------------------------------------------------
Andre Burakovsky 1 0 1 0 2 7 1 1 1 0 1/2 21:56 4:35 0:50
Bo Horvat 0 0 0 0 0 6 2 1 0 2 17/35 20:42 4:35 0:00
Brandon Montour 0 0 0 -1 0 0 0 0 0 2 0/0 19:24 3:09 3:09
Colton Sissons 0 0 0 -1 4 1 2 0 0 0 7/12 13:42 0:08 0:29
Dmitry Sinitsyn 0 1 1 2 0 0 1 0 0 0 0/0 12:00 0:00 0:00
Iiro Pakarinen 0 0 0 0 0 3 1 0 0 1 1/1 21:50 4:42 0:00
Jacob Josefson 0 1 1 2 0 0 0 0 0 0 0/1 9:08 0:00 1:02
Justin Bailey 0 0 0 -1 0 0 1 1 0 0 0/1 14:49 3:27 0:00
Kasperi Kapanen 0 1 1 1 0 3 1 0 0 0 0/0 9:40 0:00 0:00
Luca Sbisa 0 1 1 -1 0 2 0 2 0 0 0/0 22:54 5:01 1:39
Lucas Lessio 0 0 0 -1 0 1 5 1 0 2 1/1 14:13 0:09 0:53
Nick Ritchie 2 0 2 2 0 3 0 0 0 0 0/0 7:24 0:00 0:00
Paul Ladue 0 0 0 1 0 0 2 2 0 1 0/0 25:06 3:09 3:09
Roland McKeown 0 0 0 2 0 0 0 0 0 0 0/0 12:00 0:00 0:00
Ryan Dzingel 0 1 1 1 2 8 2 0 0 0 0/0 16:32 3:27 2:41
Tim Erixon 0 0 0 1 0 1 1 2 1 0 0/0 28:36 5:01 1:39
Tom Kuhnhackl 0 0 0 2 0 0 0 0 0 0 0/0 9:31 0:00 1:10
Zac Dalpe 1 0 1 1 0 6 0 0 0 0 9/19 15:41 3:27 2:31
3 Stars
1 - Nick Ritchie (VJB)
2 - Zac Dalpe (VJB)
3 - Dmitry Sinitsyn (VJB)
Power Play
Wolfes - 1 on 4 Attempt(s) - 25.00%
Influenza - 1 on 5 Attempt(s) - 20.00%
Penalty Kill
Wolfes - 4 on 5 Attempt(s) - 80.00%
- Score 0 goal in Penalty Kill
Influenza - 3 on 4 Attempt(s) - 75.00%
- Score 0 goal in Penalty Kill
Team Stat
Wolfes - Hits : 18 - Faceoff Wins : 36 - Blocked Shots : 10 - Penalty Minutes : 10
Influenza - Hits : 19 - Faceoff Wins : 36 - Blocked Shots : 10 - Penalty Minutes : 8
Official
Referees : Unknown
Linesman : Unknown
Game Notes
Kyle Rau is injured at 9:58 of 2nd period (Bruised Right Leg)
1:53 of 3rd period - Influenza goal is going for a video replay. After video review, No Goal. The puck has been kicked using a distinct kicking motion.
Justin Bailey is injured at 12:09 of 3rd period (Right Knee)
Finance
Level 1 -- Attendance: 1380 (69.00%) -- Ticket Income $55,200
Level 2 -- Attendance: 723 (72.30%) -- Ticket Income $14,460
Total Attendance: 2103 (70.10%)
Total Ticket Income: $69,660
Other Income: $3,483
Total Income: $73,143
Wolfes
5 vs 5 Forward
Center Left Wing Right Wing Time % Phy DF OF
1 Martin Hanzal Blake Pietila Vladimir Zharkov 40 1 2 2
2 Chris Tierney Sergei Plotnikov Alexandre Grenier 30 1 2 2
3 Kyle Rau Zachary Sanford Benn Ferriero 20 1 2 2
4 Scott Timmins Jacob Lagacé Thomas Spelling 10 1 2 2
5 vs 5 Defense
Defense Defense Time % Phy DF OF
1 Wes O'Neill Jeffrey Foss 40 1 2 2
2 Michael Stone Jamie Oleksiak 30 1 2 2
3 Anton Lindholm Joonas Lyytinen 20 1 2 2
4 Wes O'Neill Jeffrey Foss 10 1 2 2
PowerPlay Forward
Center Left Wing Right Wing Time % Phy DF OF
1 Martin Hanzal Blake Pietila Vladimir Zharkov 60 1 2 2
2 Chris Tierney Sergei Plotnikov Alexandre Grenier 40 1 2 2
PowerPlay Defense
Defense Defense Time % Phy DF OF
1 Wes O'Neill Jeffrey Foss 60 1 2 2
2 Michael Stone Jamie Oleksiak 40 1 2 2
Penalty Kill 4 Players Forward
Center Wing Time % Phy DF OF
1 Martin Hanzal Vladimir Zharkov 60 1 2 2
2 Alexandre Grenier Chris Tierney 40 1 2 2
Penalty Kill 4 Players Defense
Defense Defense Time % Phy DF OF
1 Wes O'Neill Jeffrey Foss 60 1 2 2
2 Michael Stone Jamie Oleksiak 40 1 2 2
Penalty Kill - 3 Players Forward
Forward Time % Phy DF OF
1 Martin Hanzal 60 1 2 2
2 Vladimir Zharkov 40 1 2 2
Penalty Kill - 3 Players Defense
Defense Defense Time % Phy DF OF
1 Wes O'Neill Jeffrey Foss 60 1 2 2
2 Michael Stone Jamie Oleksiak 40 1 2 2
4 vs 4 Forward
Center Wing Time % Phy DF OF
1 Martin Hanzal Vladimir Zharkov 60 1 2 2
2 Alexandre Grenier Chris Tierney 40 1 2 2
4 vs 4 Defense
Defense Defense Time % Phy DF OF
1 Wes O'Neill Jeffrey Foss 60 1 2 2
2 Michael Stone Jamie Oleksiak 40 1 2 2
Last Minutes Offensive
Center Left Wing Right Wing Defense Defense
Martin Hanzal Blake Pietila Vladimir Zharkov Wes O'Neill Jeffrey Foss
Last Minutes Defensive
Center Left Wing Right Wing Defense Defense
Martin Hanzal Blake Pietila Vladimir Zharkov Wes O'Neill Jeffrey Foss
Goaltenders
Starting : Laurent Brossoit
Backup : Jeremy Smith
Extra Forwards
Normal : Angelo Esposito, Nicolas Deschamps, Victor Olofsson - PP : Angelo Esposito, Nicolas Deschamps - PK : Victor Olofsson
Extra Defensemen
Normal : Anton Lindholm, Joonas Lyytinen, Michael Stone - PP : Anton Lindholm - PK : Joonas Lyytinen, Michael Stone
Penalty Shots
Martin Hanzal, Vladimir Zharkov, Alexandre Grenier, Chris Tierney, Blake Pietila
Scratches
Christophe Lalancette (Healthy), Joe Morrow (Bruised Right Arm Injury), Charles-Olivier Roussel (Healthy), Klas Dahlbeck (Healthy), Matt Grzelcyk (Healthy)
Remi Elie (Healthy), Jyrki Jokipakka (Healthy), Pavel Kraskovsky (Healthy), Louis Belpedio (Healthy), Cameron Darcy (Healthy)
Fredrik Olofsson (Healthy), Nolan Vesey (Healthy), Vaclav Karabacek (Healthy), Kyle Pettit (Healthy), Dylan Sadowy (Healthy)
Anton Karlsson (Healthy), Ebbe Siönäs (Healthy), Sami Aittokallio (Healthy)
Influenza
5 vs 5 Forward
Center Left Wing Right Wing Time % Phy DF OF
1 Bo Horvat Andre Burakovsky Iiro Pakarinen 40 1 2 2
2 Colton Sissons Lucas Lessio Justin Bailey 30 1 2 2
3 Zac Dalpe Ryan Dzingel Kasperi Kapanen 20 1 2 2
4 Jacob Josefson Nick Ritchie Tom Kuhnhackl 10 1 2 2
5 vs 5 Defense
Defense Defense Time % Phy DF OF
1 Tim Erixon Paul Ladue 40 1 2 2
2 Luca Sbisa Brandon Montour 30 1 2 2
3 Dmitry Sinitsyn Roland McKeown 20 1 2 2
4 Tim Erixon Luca Sbisa 10 1 2 2
PowerPlay Forward
Center Left Wing Right Wing Time % Phy DF OF
1 Bo Horvat Andre Burakovsky Iiro Pakarinen 60 1 2 2
2 Zac Dalpe Ryan Dzingel Justin Bailey 40 1 2 2
PowerPlay Defense
Defense Defense Time % Phy DF OF
1 Tim Erixon Luca Sbisa 60 1 2 2
2 Paul Ladue Brandon Montour 40 1 2 2
Penalty Kill 4 Players Forward
Center Wing Time % Phy DF OF
1 Zac Dalpe Ryan Dzingel 60 1 2 2
2 Colton Sissons Tom Kuhnhackl 40 1 2 2
Penalty Kill 4 Players Defense
Defense Defense Time % Phy DF OF
1 Brandon Montour Paul Ladue 60 1 2 2
2 Luca Sbisa Tim Erixon 40 1 2 2
Penalty Kill - 3 Players Forward
Forward Time % Phy DF OF
1 Zac Dalpe 60 1 2 2
2 Colton Sissons 40 1 2 2
Penalty Kill - 3 Players Defense
Defense Defense Time % Phy DF OF
1 Brandon Montour Paul Ladue 60 1 2 2
2 Luca Sbisa Tim Erixon 40 1 2 2
4 vs 4 Forward
Center Wing Time % Phy DF OF
1 Bo Horvat Andre Burakovsky 60 1 2 2
2 Zac Dalpe Iiro Pakarinen 40 1 2 2
4 vs 4 Defense
Defense Defense Time % Phy DF OF
1 Brandon Montour Paul Ladue 60 1 2 2
2 Luca Sbisa Tim Erixon 40 1 2 2
Last Minutes Offensive
Center Left Wing Right Wing Defense Defense
Bo Horvat Andre Burakovsky Iiro Pakarinen Tim Erixon Paul Ladue
Last Minutes Defensive
Center Left Wing Right Wing Defense Defense
Zac Dalpe Andre Burakovsky Iiro Pakarinen Tim Erixon Paul Ladue
Goaltenders
Starting : Malcolm Subban
Backup : Tyson Sexsmith
Extra Forwards
Normal : Lucas Lessio, Iiro Pakarinen, Andre Burakovsky - PP : Lucas Lessio, Colton Sissons - PK : Andre Burakovsky
Extra Defensemen
Normal : Luca Sbisa, Tim Erixon, Brandon Montour - PP : Brandon Montour - PK : Paul Ladue, Brandon Montour
Penalty Shots
Andre Burakovsky, Bo Horvat, Zac Dalpe, Justin Bailey, Iiro Pakarinen
Scratches
Jordan Schroeder (Healthy), Shane Prince (Healthy), Jeff Corbett (Healthy), Henri Ikonen (Healthy), Johan Larsson (Healthy)
Mitchell Moroz (Healthy), Josh Andrerson (Healthy), Jesse Graham (Healthy), Jake Walman (Healthy), Conner Bleackley (Healthy)
Brycen Martin (Healthy), Jaden Lindo (Healthy), Jamie Phillips (Healthy)
% Time on Ice - Wolfes
Lines # - Real PCT - Wanted PCT - Time Play
Normal Forward
1 - 36% - 40% - 16:42
2 - 26% - 30% - 12:07
3 - 22% - 20% - 10:17
4 - 17% - 10% - 7:56
Normal Defense
1 - 38% - 40% - 17:59
2 - 34% - 30% - 15:55
3 - 24% - 20% - 11:17
4 - 4% - 10% - 1:51
PP Forward
1 - 54% - 60% - 2:35
2 - 46% - 40% - 2:13
PP Defense
1 - 68% - 60% - 3:17
2 - 32% - 40% - 1:31
PK Forward
1 - 73% - 60% - 5:59
2 - 27% - 40% - 2:11
PK Defense
1 - 60% - 60% - 4:53
2 - 40% - 40% - 3:17
PK3 Forward
1 - 0% - 60%
2 - 0% - 40%
PK3 Defense
1 - 0% - 60%
2 - 0% - 40%
44 Forward
1 - 0% - 60%
2 - 0% - 40%
44 Defense
1 - 0% - 60%
2 - 0% - 40%
Last Minute Offensive - 0:00
Last Minute Defensive - 0:00
Total
Forward - 60:00
Defense - 60:00
|
% Time on Ice - Influenza
Lines # - Real PCT - Wanted PCT - Time Play
Normal Forward
1 - 35% - 40% - 16:17
2 - 29% - 30% - 13:52
3 - 20% - 20% - 9:29
4 - 16% - 10% - 7:24
Normal Defense
1 - 40% - 40% - 18:49
2 - 28% - 30% - 13:07
3 - 26% - 20% - 12:00
4 - 7% - 10% - 3:06
PP Forward
1 - 58% - 60% - 4:43
2 - 42% - 40% - 3:27
PP Defense
1 - 61% - 60% - 5:01
2 - 39% - 40% - 3:09
PK Forward
1 - 76% - 60% - 3:38
2 - 24% - 40% - 1:10
PK Defense
1 - 66% - 60% - 3:09
2 - 34% - 40% - 1:39
PK3 Forward
1 - 0% - 60%
2 - 0% - 40%
PK3 Defense
1 - 0% - 60%
2 - 0% - 40%
44 Forward
1 - 0% - 60%
2 - 0% - 40%
44 Defense
1 - 0% - 60%
2 - 0% - 40%
Last Minute Offensive - 0:00
Last Minute Defensive - 0:00
Total
Forward - 60:00
Defense - 60:00
|
Play-by-Play
1st period
0:01 of 1st period - Bo Horvat wins face-off versus Martin Hanzal in neutral zone.
0:14 of 1st period - Snap shot by Iiro Pakarinen.
0:14 of 1st period - Stopped by Laurent Brossoit without a rebound.
0:15 of 1st period - Chris Tierney wins face-off versus Colton Sissons in Wolfes zone.
0:24 of 1st period - Wrist shot by Alexandre Grenier.
0:24 of 1st period - Deflect By Lucas Lessio.
0:24 of 1st period - Shot Misses the Net.
0:24 of 1st period - Puck is out of play.
0:25 of 1st period - Colton Sissons wins face-off versus Chris Tierney in Influenza zone.
0:25 of 1st period - Colton Sissons is hit by Jamie Oleksiak.
0:41 of 1st period - Wrist shot by Sergei Plotnikov.
0:41 of 1st period - Shot Misses the Net.
0:43 of 1st period - Snap shot by Alexandre Grenier.
0:43 of 1st period - Stopped by Malcolm Subban with a rebound.
0:45 of 1st period - Snap shot by Chris Tierney.
0:45 of 1st period - Stopped by Malcolm Subban without a rebound.
0:46 of 1st period - Zac Dalpe wins face-off versus Kyle Rau in Influenza zone.
1:40 of 1st period - Slapshot by Scott Timmins.
1:40 of 1st period - Stopped by Malcolm Subban with a rebound.
3:05 of 1st period - Snap shot by Nick Ritchie.
3:05 of 1st period - Shot Misses the Net.
3:07 of 1st period - Minor Penalty to Scott Timmins for Roughing.
3:08 of 1st period - Martin Hanzal wins face-off versus Andre Burakovsky in Wolfes zone.
5:04 of 1st period - Icing by Ryan Dzingel.
5:05 of 1st period - Alexandre Grenier wins face-off versus Zac Dalpe in Influenza zone.
5:07 of 1st period - Penalty to Scott Timmins is over, Scott Timmins is back on ice.
5:20 of 1st period - Slapshot by Jacob Josefson.
5:20 of 1st period - Shot Misses the Net.
5:38 of 1st period - Anton Lindholm is hit by Colton Sissons and loses puck.
6:55 of 1st period - Backhand shot by Wes O'Neill.
6:55 of 1st period - Deflect By Thomas Spelling.
6:55 of 1st period - Shot Misses the Net.
6:55 of 1st period - Puck is out of play.
6:56 of 1st period - Scott Timmins wins face-off versus Zac Dalpe in Influenza zone.
6:59 of 1st period - Slapshot by Thomas Spelling.
6:59 of 1st period - Shot Misses the Net.
7:13 of 1st period - Jamie Oleksiak is hit by Ryan Dzingel and loses puck.
7:20 of 1st period - Wrist shot by Ryan Dzingel.
7:20 of 1st period - Shot Misses the Net.
7:40 of 1st period - Snap shot by Kasperi Kapanen.
7:40 of 1st period - Shot Blocked by Michael Stone.
7:42 of 1st period - Snap shot by Ryan Dzingel.
7:42 of 1st period - Stopped by Laurent Brossoit without a rebound.
7:43 of 1st period - Bo Horvat wins face-off versus Martin Hanzal in Wolfes zone.
7:46 of 1st period - Wrist shot by Bo Horvat.
7:46 of 1st period - Shot Misses the Net.
8:10 of 1st period - Sergei Plotnikov is hit by Lucas Lessio and loses puck.
8:56 of 1st period - Slapshot by Vladimir Zharkov.
8:56 of 1st period - Shot Misses the Net.
9:48 of 1st period - Snap shot by Zachary Sanford.
9:48 of 1st period - Shot Misses the Net.
10:20 of 1st period - Snap shot by Andre Burakovsky.
10:20 of 1st period - Stopped by Laurent Brossoit without a rebound.
10:21 of 1st period - Chris Tierney wins face-off versus Bo Horvat in Wolfes zone.
10:36 of 1st period - Wrist shot by Sergei Plotnikov.
10:36 of 1st period - Stopped by Malcolm Subban without a rebound.
10:37 of 1st period - Lucas Lessio wins face-off versus Martin Hanzal in Influenza zone.
10:37 of 1st period - Lucas Lessio is hit by Jeffrey Foss.
11:25 of 1st period - Wrist shot by Zachary Sanford.
11:25 of 1st period - Stopped by Malcolm Subban without a rebound.
11:26 of 1st period - Zac Dalpe wins face-off versus Kyle Rau in Influenza zone.
11:33 of 1st period - Slapshot by Ryan Dzingel.
11:33 of 1st period - Stopped by Laurent Brossoit with a rebound.
11:35 of 1st period - Wrist shot by Kasperi Kapanen.
11:35 of 1st period - Shot Misses the Net.
11:39 of 1st period - Snap shot by Ryan Dzingel.
11:39 of 1st period - Stopped by Laurent Brossoit with a rebound.
11:41 of 1st period - Slapshot by Tim Erixon.
11:41 of 1st period - Deflect By Kasperi Kapanen.
11:41 of 1st period - Stopped by Laurent Brossoit without a rebound.
11:42 of 1st period - Bo Horvat wins face-off versus Blake Pietila in Wolfes zone.
11:45 of 1st period - Backhand shot by Iiro Pakarinen.
11:45 of 1st period - Shot Blocked by Michael Stone.
11:53 of 1st period - Wrist shot by Martin Hanzal.
11:53 of 1st period - Shot Blocked by Andre Burakovsky.
12:07 of 1st period - Jamie Oleksiak is hit by Tim Erixon.
12:29 of 1st period - Ryan Dzingel is hit by Kyle Rau.
12:35 of 1st period - Zachary Sanford is hit by Kasperi Kapanen and loses puck.
12:46 of 1st period - Snap shot by Bo Horvat.
12:46 of 1st period - Stopped by Laurent Brossoit with a rebound.
12:48 of 1st period - Slapshot by Roland McKeown.
12:48 of 1st period - Deflect By Iiro Pakarinen.
12:48 of 1st period - Stopped by Laurent Brossoit with a rebound.
12:50 of 1st period - Snap shot by Bo Horvat.
12:50 of 1st period - Shot Misses the Net.
13:11 of 1st period - Slapshot by Wes O'Neill.
13:11 of 1st period - Stopped by Malcolm Subban without a rebound.
13:12 of 1st period - Martin Hanzal wins face-off versus Bo Horvat in Influenza zone.
15:02 of 1st period - Icing by Joonas Lyytinen.
15:03 of 1st period - Colton Sissons wins face-off versus Scott Timmins in Wolfes zone.
15:59 of 1st period - Snap shot by Ryan Dzingel.
15:59 of 1st period - Stopped by Laurent Brossoit with a rebound.
16:01 of 1st period - Snap shot by Zac Dalpe.
16:01 of 1st period - Shot Misses the Net.
16:11 of 1st period - Paul Ladue is hit by Kyle Rau and loses puck.
16:36 of 1st period - Lucas Lessio is hit by Blake Pietila and loses puck.
17:05 of 1st period - Tim Erixon is hit by Jeffrey Foss and loses puck.
19:22 of 1st period - Wrist shot by Zachary Sanford.
19:22 of 1st period - Stopped by Malcolm Subban without a rebound.
19:23 of 1st period - Kyle Rau wins face-off versus Zac Dalpe in Influenza zone.
19:28 of 1st period - Snap shot by Zachary Sanford.
19:28 of 1st period - Shot Misses the Net.
19:37 of 1st period - Wrist shot by Zachary Sanford.
19:37 of 1st period - Deflect By Kyle Rau.
19:37 of 1st period - Shot Misses the Net.
19:37 of 1st period - Puck is out of play.
19:38 of 1st period - Bo Horvat wins face-off versus Martin Hanzal in Influenza zone.
19:52 of 1st period - Off-side.
19:53 of 1st period - Colton Sissons wins face-off versus Martin Hanzal in neutral zone.
Goals for this period are 0 for Wolfes vs 0 for Influenza.
Shots for this period are 7 for Wolfes vs 9 for Influenza.
2nd period
0:01 of 2nd period - Martin Hanzal wins face-off versus Bo Horvat in neutral zone.
0:27 of 2nd period - Lucas Lessio is hit by Wes O'Neill and loses puck.
0:56 of 2nd period - Snap shot by Zac Dalpe.
0:56 of 2nd period - Stopped by Laurent Brossoit with a rebound.
1:32 of 2nd period - Joonas Lyytinen is hit by Iiro Pakarinen and loses puck.
1:37 of 2nd period - Slapshot by Iiro Pakarinen.
1:37 of 2nd period - Deflect By Blake Pietila.
1:37 of 2nd period - Shot Hit the Post.
1:37 of 2nd period - Puck is out of play.
1:38 of 2nd period - Bo Horvat wins face-off versus Martin Hanzal in Wolfes zone.
1:49 of 2nd period - Snap shot by Blake Pietila.
1:49 of 2nd period - Stopped by Malcolm Subban with a rebound.
1:51 of 2nd period - Backhand shot by Wes O'Neill.
1:51 of 2nd period - Deflect By Blake Pietila.
1:51 of 2nd period - Shot Misses the Net.
1:51 of 2nd period - Puck is out of play.
1:52 of 2nd period - Martin Hanzal wins face-off versus Bo Horvat in Influenza zone.
2:08 of 2nd period - Slapshot by Wes O'Neill.
2:08 of 2nd period - Shot Blocked by Bo Horvat.
2:22 of 2nd period - Slapshot by Ryan Dzingel.
2:22 of 2nd period - Stopped by Laurent Brossoit with a rebound.
2:24 of 2nd period - Wrist shot by Kasperi Kapanen.
2:24 of 2nd period - Deflect By Ryan Dzingel.
2:24 of 2nd period - Shot Misses the Net.
2:24 of 2nd period - Puck is out of play.
2:25 of 2nd period - Chris Tierney wins face-off versus Zac Dalpe in Wolfes zone.
2:27 of 2nd period - Icing by Sergei Plotnikov.
2:28 of 2nd period - Chris Tierney wins face-off versus Bo Horvat in Wolfes zone.
2:28 of 2nd period - Chris Tierney is hit by Bo Horvat.
2:48 of 2nd period - Snap shot by Alexandre Grenier.
2:48 of 2nd period - Stopped by Malcolm Subban without a rebound.
2:49 of 2nd period - Martin Hanzal wins face-off versus Justin Bailey in Influenza zone.
2:50 of 2nd period - Slapshot by Blake Pietila.
2:50 of 2nd period - Shot Blocked by Lucas Lessio.
2:52 of 2nd period - Minor Penalty to Colton Sissons for Slashing.
2:53 of 2nd period - Martin Hanzal wins face-off versus Zac Dalpe in Influenza zone.
3:40 of 2nd period - Snap shot by Vladimir Zharkov.
3:40 of 2nd period - Shot Blocked by Tim Erixon.
4:52 of 2nd period - Penalty to Colton Sissons is over, Colton Sissons is back on ice.
5:03 of 2nd period - Snap shot by Andre Burakovsky.
5:03 of 2nd period - Stopped by Laurent Brossoit with a rebound.
5:19 of 2nd period - Joonas Lyytinen is hit by Lucas Lessio and loses puck.
6:06 of 2nd period - Wrist shot by Zac Dalpe.
6:06 of 2nd period - Stopped by Laurent Brossoit without a rebound.
6:07 of 2nd period - Martin Hanzal wins face-off versus Zac Dalpe in Wolfes zone.
6:20 of 2nd period - Wrist shot by Zac Dalpe.
6:20 of 2nd period - Stopped by Laurent Brossoit without a rebound.
6:21 of 2nd period - Martin Hanzal wins face-off versus Bo Horvat in Wolfes zone.
6:32 of 2nd period - Snap shot by Blake Pietila.
6:32 of 2nd period - Shot Blocked by Paul Ladue.
6:34 of 2nd period - Snap shot by Jamie Oleksiak.
6:34 of 2nd period - Deflect By Martin Hanzal.
6:34 of 2nd period - Shot Misses the Net.
6:34 of 2nd period - Puck is out of play.
6:35 of 2nd period - Colton Sissons wins face-off versus Martin Hanzal in Influenza zone.
6:42 of 2nd period - Jeffrey Foss is hit by Lucas Lessio.
7:04 of 2nd period - Backhand shot by Andre Burakovsky.
7:04 of 2nd period - Deflect By Wes O'Neill.
7:04 of 2nd period - Stopped by Laurent Brossoit with a rebound.
7:20 of 2nd period - Wrist shot by Zac Dalpe.
7:20 of 2nd period - Shot Blocked by Benn Ferriero.
7:22 of 2nd period - Slapshot by Dmitry Sinitsyn.
7:22 of 2nd period - Shot Blocked by Wes O'Neill.
7:24 of 2nd period - Snap shot by Zac Dalpe.
7:24 of 2nd period - Goal by Zac Dalpe - Wolfes : 0 - Influenza : 1.
7:25 of 2nd period - Bo Horvat wins face-off versus Martin Hanzal in neutral zone.
7:30 of 2nd period - Wrist shot by Andre Burakovsky.
7:30 of 2nd period - Shot Misses the Net.
7:38 of 2nd period - Wrist shot by Iiro Pakarinen.
7:38 of 2nd period - Stopped by Laurent Brossoit with a rebound.
7:40 of 2nd period - Slapshot by Bo Horvat.
7:40 of 2nd period - Stopped by Laurent Brossoit with a rebound.
7:54 of 2nd period - Wrist shot by Chris Tierney.
7:54 of 2nd period - Goal by Chris Tierney - Wolfes : 1 - Influenza : 1.
7:55 of 2nd period - Martin Hanzal wins face-off versus Bo Horvat in neutral zone.
8:00 of 2nd period - Icing by Andre Burakovsky.
8:01 of 2nd period - Martin Hanzal wins face-off versus Bo Horvat in Influenza zone.
8:08 of 2nd period - Snap shot by Martin Hanzal.
8:08 of 2nd period - Stopped by Malcolm Subban with a rebound.
8:16 of 2nd period - Snap shot by Bo Horvat.
8:16 of 2nd period - Stopped by Laurent Brossoit with a rebound.
8:34 of 2nd period - Snap shot by Colton Sissons.
8:34 of 2nd period - Stopped by Laurent Brossoit with a rebound.
8:36 of 2nd period - Snap shot by Tim Erixon.
8:36 of 2nd period - Stopped by Laurent Brossoit without a rebound.
8:37 of 2nd period - Bo Horvat wins face-off versus Martin Hanzal in Wolfes zone.
9:02 of 2nd period - Sergei Plotnikov is hit by Lucas Lessio and loses puck.
9:11 of 2nd period - Slapshot by Luca Sbisa.
9:11 of 2nd period - Stopped by Laurent Brossoit with a rebound.
9:25 of 2nd period - Ryan Dzingel is hit by Benn Ferriero and loses puck.
9:40 of 2nd period - Ryan Dzingel is hit by Kyle Rau and loses puck.
9:58 of 2nd period - Snap shot by Zac Dalpe.
9:58 of 2nd period - Deflect By Ryan Dzingel.
9:58 of 2nd period - Shot Blocked by Kyle Rau.
9:58 of 2nd period - Kyle Rau from Wolfes is injured at 9:58 of 2nd period (Bruised Right Leg).
9:59 of 2nd period - Martin Hanzal wins face-off versus Bo Horvat in Wolfes zone.
10:06 of 2nd period - Slapshot by Jeffrey Foss.
10:06 of 2nd period - Deflect By Martin Hanzal.
10:06 of 2nd period - Stopped by Malcolm Subban with a rebound.
10:08 of 2nd period - Snap shot by Blake Pietila.
10:08 of 2nd period - Shot Blocked by Luca Sbisa.
10:24 of 2nd period - Jeffrey Foss is hit by Justin Bailey and loses puck.
10:44 of 2nd period - Off-side.
10:45 of 2nd period - Angelo Esposito wins face-off versus Zac Dalpe in neutral zone.
11:10 of 2nd period - Michael Stone is hit by Paul Ladue and loses puck.
11:17 of 2nd period - Wrist shot by Iiro Pakarinen.
11:17 of 2nd period - Shot Misses the Net.
11:21 of 2nd period - Snap shot by Andre Burakovsky.
11:21 of 2nd period - Stopped by Laurent Brossoit with a rebound.
11:23 of 2nd period - Snap shot by Iiro Pakarinen.
11:23 of 2nd period - Shot Misses the Net.
11:43 of 2nd period - Snap shot by Chris Tierney.
11:43 of 2nd period - Stopped by Malcolm Subban with a rebound.
11:45 of 2nd period - Slapshot by Jamie Oleksiak.
11:45 of 2nd period - Stopped by Malcolm Subban with a rebound.
11:47 of 2nd period - Snap shot by Chris Tierney.
11:47 of 2nd period - Shot Misses the Net.
11:54 of 2nd period - Icing by Brandon Montour.
11:55 of 2nd period - Scott Timmins wins face-off versus Jacob Josefson in Influenza zone.
12:28 of 2nd period - Wrist shot by Iiro Pakarinen.
12:28 of 2nd period - Deflect By Vladimir Zharkov.
12:28 of 2nd period - Shot Blocked by Wes O'Neill.
12:28 of 2nd period - Puck is out of play.
12:29 of 2nd period - Bo Horvat wins face-off versus Martin Hanzal in Wolfes zone.
12:32 of 2nd period - Wrist shot by Andre Burakovsky.
12:32 of 2nd period - Shot Misses the Net.
12:54 of 2nd period - Sergei Plotnikov is hit by Lucas Lessio and loses puck.
13:17 of 2nd period - Slapshot by Nick Ritchie.
13:17 of 2nd period - Shot Misses the Net.
13:57 of 2nd period - Slapshot by Andre Burakovsky.
13:57 of 2nd period - Stopped by Laurent Brossoit with a rebound.
13:59 of 2nd period - Snap shot by Iiro Pakarinen.
13:59 of 2nd period - Shot Misses the Net.
14:01 of 2nd period - Slapshot by Brandon Montour.
14:01 of 2nd period - Shot Blocked by Wes O'Neill.
14:03 of 2nd period - Slapshot by Luca Sbisa.
14:03 of 2nd period - Stopped by Laurent Brossoit with a rebound.
14:28 of 2nd period - Tim Erixon is hit by Jeffrey Foss and loses puck.
15:08 of 2nd period - Snap shot by Zac Dalpe.
15:08 of 2nd period - Stopped by Laurent Brossoit with a rebound.
15:40 of 2nd period - Michael Stone is hit by Colton Sissons and loses puck.
16:03 of 2nd period - Wrist shot by Scott Timmins.
16:03 of 2nd period - Stopped by Malcolm Subban with a rebound.
16:25 of 2nd period - Icing by Brandon Montour.
16:26 of 2nd period - Bo Horvat wins face-off versus Chris Tierney in Influenza zone.
16:51 of 2nd period - Slapshot by Nick Ritchie.
16:51 of 2nd period - Goal by Nick Ritchie - Wolfes : 1 - Influenza : 2.
16:52 of 2nd period - Martin Hanzal wins face-off versus Bo Horvat in neutral zone.
16:57 of 2nd period - Snap shot by Blake Pietila.
16:57 of 2nd period - Deflect By Martin Hanzal.
16:57 of 2nd period - Shot Blocked by Luca Sbisa.
16:57 of 2nd period - Puck is out of play.
16:58 of 2nd period - Bo Horvat wins face-off versus Martin Hanzal in Influenza zone.
17:30 of 2nd period - Snap shot by Lucas Lessio.
17:30 of 2nd period - Stopped by Laurent Brossoit without a rebound.
17:31 of 2nd period - Colton Sissons wins face-off versus Chris Tierney in Wolfes zone.
17:37 of 2nd period - Jamie Oleksiak is hit by Dmitry Sinitsyn and loses puck.
17:45 of 2nd period - Minor Penalty to Colton Sissons for Hooking.
17:46 of 2nd period - Zac Dalpe wins face-off versus Martin Hanzal in Influenza zone.
18:04 of 2nd period - Martin Hanzal is hit by Paul Ladue and loses puck.
18:27 of 2nd period - Snap shot by Chris Tierney.
18:27 of 2nd period - Stopped by Malcolm Subban without a rebound.
18:28 of 2nd period - Chris Tierney wins face-off versus Zac Dalpe in Influenza zone.
18:29 of 2nd period - Snap shot by Alexandre Grenier.
18:29 of 2nd period - Shot Misses the Net.
18:31 of 2nd period - Snap shot by Alexandre Grenier.
18:31 of 2nd period - Goal by Alexandre Grenier - Wolfes : 2 - Influenza : 2.
18:32 of 2nd period - Andre Burakovsky wins face-off versus Martin Hanzal in neutral zone.
18:37 of 2nd period - Wrist shot by Andre Burakovsky.
18:37 of 2nd period - Stopped by Laurent Brossoit without a rebound.
18:38 of 2nd period - Martin Hanzal wins face-off versus Bo Horvat in Wolfes zone.
19:08 of 2nd period - Wrist shot by Kasperi Kapanen.
19:08 of 2nd period - Stopped by Laurent Brossoit with a rebound.
19:10 of 2nd period - Snap shot by Ryan Dzingel.
19:10 of 2nd period - Stopped by Laurent Brossoit without a rebound.
19:11 of 2nd period - Zac Dalpe wins face-off versus Chris Tierney in Wolfes zone.
19:20 of 2nd period - Snap shot by Kasperi Kapanen.
19:20 of 2nd period - Stopped by Laurent Brossoit with a rebound.
19:22 of 2nd period - Snap shot by Zac Dalpe.
19:22 of 2nd period - Shot Misses the Net.
19:26 of 2nd period - Wrist shot by Zac Dalpe.
19:26 of 2nd period - Deflect By Michael Stone.
19:26 of 2nd period - Shot Misses the Net.
19:26 of 2nd period - Puck is out of play.
19:27 of 2nd period - Bo Horvat wins face-off versus Martin Hanzal in Wolfes zone.
Goals for this period are 2 for Wolfes vs 2 for Influenza.
Shots for this period are 10 for Wolfes vs 23 for Influenza.
3rd period
0:01 of 3rd period - Martin Hanzal wins face-off versus Bo Horvat in neutral zone.
0:10 of 3rd period - Wrist shot by Martin Hanzal.
0:10 of 3rd period - Stopped by Malcolm Subban without a rebound.
0:11 of 3rd period - Bo Horvat wins face-off versus Martin Hanzal in Influenza zone.
0:18 of 3rd period - Snap shot by Bo Horvat.
0:18 of 3rd period - Stopped by Laurent Brossoit without a rebound.
0:19 of 3rd period - Bo Horvat wins face-off versus Martin Hanzal in Wolfes zone.
1:51 of 3rd period - Wrist shot by Andre Burakovsky.
1:51 of 3rd period - Shot Misses the Net.
1:53 of 3rd period - Snap shot by Bo Horvat.
1:53 of 3rd period - Influenza goal is going for a video replay.
1:53 of 3rd period - The goal is refused. The puck has been kicked using a distinct kicking motion..
1:54 of 3rd period - Alexandre Grenier wins face-off versus Colton Sissons in Wolfes zone.
2:05 of 3rd period - Wrist shot by Alexandre Grenier.
2:05 of 3rd period - Stopped by Malcolm Subban with a rebound.
2:16 of 3rd period - Icing by Jeffrey Foss.
2:17 of 3rd period - Chris Tierney wins face-off versus Bo Horvat in Wolfes zone.
2:23 of 3rd period - Minor Penalty to Martin Hanzal for Hooking.
2:24 of 3rd period - Iiro Pakarinen wins face-off versus Vladimir Zharkov in Wolfes zone.
4:23 of 3rd period - Penalty to Martin Hanzal is over, Martin Hanzal is back on ice.
5:03 of 3rd period - Justin Bailey is hit by Jamie Oleksiak and loses puck.
5:26 of 3rd period - Icing by Jacob Lagacé.
5:27 of 3rd period - Zac Dalpe wins face-off versus Scott Timmins in Wolfes zone.
6:16 of 3rd period - Minor Penalty to Jacob Lagacé for Interference.
6:17 of 3rd period - Martin Hanzal wins face-off versus Bo Horvat in Wolfes zone.
6:22 of 3rd period - Icing by Andre Burakovsky.
6:23 of 3rd period - Bo Horvat wins face-off versus Martin Hanzal in Influenza zone.
7:05 of 3rd period - Snap shot by Ryan Dzingel.
7:05 of 3rd period - Stopped by Laurent Brossoit without a rebound.
7:06 of 3rd period - Zac Dalpe wins face-off versus Martin Hanzal in Wolfes zone.
7:11 of 3rd period - Wrist shot by Ryan Dzingel.
7:11 of 3rd period - Shot Misses the Net.
7:21 of 3rd period - Wrist shot by Ryan Dzingel.
7:21 of 3rd period - Stopped by Laurent Brossoit with a rebound.
7:35 of 3rd period - Jeffrey Foss is hit by Bo Horvat and loses puck.
7:54 of 3rd period - Jeffrey Foss is hit by Andre Burakovsky and loses puck.
8:16 of 3rd period - Penalty to Jacob Lagacé is over, Jacob Lagacé is back on ice.
8:26 of 3rd period - Snap shot by Nick Ritchie.
8:26 of 3rd period - Stopped by Laurent Brossoit with a rebound.
8:28 of 3rd period - Snap shot by Jacob Josefson.
8:28 of 3rd period - Deflect By Nick Ritchie.
8:28 of 3rd period - Goal by Nick Ritchie - Wolfes : 2 - Influenza : 3.
8:29 of 3rd period - Chris Tierney wins face-off versus Bo Horvat in neutral zone.
8:50 of 3rd period - Minor Penalty to Alexandre Grenier for Roughing.
8:51 of 3rd period - Bo Horvat wins face-off versus Martin Hanzal in Wolfes zone.
8:54 of 3rd period - Snap shot by Andre Burakovsky.
8:54 of 3rd period - Shot Misses the Net.
9:04 of 3rd period - Wrist shot by Vladimir Zharkov.
9:04 of 3rd period - Stopped by Malcolm Subban with a rebound.
9:06 of 3rd period - Slapshot by Vladimir Zharkov.
9:06 of 3rd period - Shot Misses the Net.
9:35 of 3rd period - Snap shot by Bo Horvat.
9:35 of 3rd period - Stopped by Laurent Brossoit without a rebound.
9:36 of 3rd period - Zac Dalpe wins face-off versus Martin Hanzal in Wolfes zone.
9:37 of 3rd period - Slapshot by Ryan Dzingel.
9:37 of 3rd period - Shot Blocked by Jamie Oleksiak.
9:39 of 3rd period - Slapshot by Paul Ladue.
9:39 of 3rd period - Shot Misses the Net.
9:41 of 3rd period - Slapshot by Paul Ladue.
9:41 of 3rd period - Shot Blocked by Michael Stone.
10:49 of 3rd period - Ryan Dzingel is hit by Victor Olofsson and loses puck.
10:50 of 3rd period - Penalty to Alexandre Grenier is over, Alexandre Grenier is back on ice.
12:03 of 3rd period - Wrist shot by Zachary Sanford.
12:03 of 3rd period - Stopped by Malcolm Subban with a rebound.
12:05 of 3rd period - Slapshot by Jamie Oleksiak.
12:05 of 3rd period - Stopped by Malcolm Subban without a rebound.
12:06 of 3rd period - Angelo Esposito wins face-off versus Colton Sissons in Influenza zone.
12:07 of 3rd period - Snap shot by Zachary Sanford.
12:07 of 3rd period - Stopped by Malcolm Subban with a rebound.
12:09 of 3rd period - Snap shot by Zachary Sanford.
12:09 of 3rd period - Shot Blocked by Justin Bailey.
12:09 of 3rd period - Justin Bailey from Influenza is injured at 12:09 of 3rd period (Right Knee).
12:10 of 3rd period - Martin Hanzal wins face-off versus Bo Horvat in Influenza zone.
12:25 of 3rd period - Snap shot by Martin Hanzal.
12:25 of 3rd period - Stopped by Malcolm Subban without a rebound.
12:26 of 3rd period - Chris Tierney wins face-off versus Colton Sissons in Influenza zone.
12:27 of 3rd period - Wrist shot by Sergei Plotnikov.
12:27 of 3rd period - Stopped by Malcolm Subban without a rebound.
12:28 of 3rd period - Chris Tierney wins face-off versus Colton Sissons in Influenza zone.
12:29 of 3rd period - Snap shot by Wes O'Neill.
12:29 of 3rd period - Deflect By Sergei Plotnikov.
12:29 of 3rd period - Shot Misses the Net.
12:29 of 3rd period - Puck is out of play.
12:30 of 3rd period - Colton Sissons wins face-off versus Chris Tierney in Influenza zone.
12:49 of 3rd period - Lucas Lessio is hit by Jeffrey Foss and loses puck.
12:54 of 3rd period - Snap shot by Sergei Plotnikov.
12:54 of 3rd period - Shot Misses the Net.
12:56 of 3rd period - Wrist shot by Sergei Plotnikov.
12:56 of 3rd period - Deflect By Chris Tierney.
12:56 of 3rd period - Shot Blocked by Tim Erixon.
12:56 of 3rd period - Puck is out of play.
12:57 of 3rd period - Blake Pietila wins face-off versus Zac Dalpe in Influenza zone.
13:00 of 3rd period - Snap shot by Martin Hanzal.
13:00 of 3rd period - Deflect By Kasperi Kapanen.
13:00 of 3rd period - Shot Misses the Net.
13:00 of 3rd period - Puck is out of play.
13:01 of 3rd period - Zac Dalpe wins face-off versus Martin Hanzal in Influenza zone.
13:01 of 3rd period - Zac Dalpe is hit by Vladimir Zharkov.
13:21 of 3rd period - Minor Penalty to Martin Hanzal for Interference.
13:22 of 3rd period - Victor Olofsson wins face-off versus Bo Horvat in Wolfes zone.
13:35 of 3rd period - Snap shot by Andre Burakovsky.
13:35 of 3rd period - Goal by Andre Burakovsky - Wolfes : 2 - Influenza : 4.
13:36 of 3rd period - Bo Horvat wins face-off versus Martin Hanzal in neutral zone.
13:49 of 3rd period - Wrist shot by Andre Burakovsky.
13:49 of 3rd period - Deflect By Blake Pietila.
13:49 of 3rd period - Shot Blocked by Wes O'Neill.
13:49 of 3rd period - Puck is out of play.
13:50 of 3rd period - Bo Horvat wins face-off versus Martin Hanzal in Wolfes zone.
14:04 of 3rd period - Minor Penalty to Andre Burakovsky for Roughing.
14:05 of 3rd period - Zac Dalpe wins face-off versus Vladimir Zharkov in Influenza zone.
16:04 of 3rd period - Penalty to Andre Burakovsky is over, Andre Burakovsky is back on ice.
16:08 of 3rd period - Off-side.
16:09 of 3rd period - Angelo Esposito wins face-off versus Bo Horvat in neutral zone.
16:23 of 3rd period - Luca Sbisa is hit by Anton Lindholm and loses puck.
16:30 of 3rd period - Bo Horvat is hit by Benn Ferriero and loses puck.
16:35 of 3rd period - Wrist shot by Zachary Sanford.
16:35 of 3rd period - Stopped by Malcolm Subban without a rebound.
16:36 of 3rd period - Colton Sissons wins face-off versus Martin Hanzal in Influenza zone.
17:03 of 3rd period - Sergei Plotnikov is hit by Ryan Dzingel and loses puck.
17:12 of 3rd period - Snap shot by Ryan Dzingel.
17:12 of 3rd period - Deflect By Zac Dalpe.
17:12 of 3rd period - Stopped by Laurent Brossoit with a rebound.
17:34 of 3rd period - Slapshot by Jeffrey Foss.
17:34 of 3rd period - Shot Misses the Net.
17:36 of 3rd period - Snap shot by Jeffrey Foss.
17:36 of 3rd period - Shot Blocked by Paul Ladue.
18:41 of 3rd period - Luca Sbisa is hit by Zachary Sanford and loses puck.
18:58 of 3rd period - Roland McKeown is hit by Martin Hanzal and loses puck.
19:53 of 3rd period - Slapshot by Jeffrey Foss.
19:53 of 3rd period - Shot Misses the Net.
19:55 of 3rd period - Minor Penalty to Ryan Dzingel for Tripping.
19:56 of 3rd period - Chris Tierney wins face-off versus Zac Dalpe in Influenza zone.
Goals for this period are 0 for Wolfes vs 2 for Influenza.
Shots for this period are 9 for Wolfes vs 9 for Influenza.
Back to the Top